 Dungeon Crawl Stone Soup version 0.23.0-3-gf3c87f2 (webtiles) character file.

Game seed: 256553569695579242

3225 Poobah the Stinger (level 9, -2/48 HPs)
             Began as an Octopode Venom Mage on Feb 23, 2019.
             Was a Follower of Hepliaklqana.
             Killed from afar by Erica (24 damage)
             ... with a bolt of poison
             ... on level 8 of the Dungeon.
             The game lasted 00:34:00 (8839 turns).

Poobah the Stinger (Octopode Venom Mage)            Turns: 8839, Time: 00:34:01

Health: -2/48      AC:  1    Str:  9    XL:     9   Next: 98%
Magic:  0/15       EV: 13    Int: 20    God:    Hepliaklqana [*.....]
Gold:   436        SH:  5    Dex: 16    Spells: 1/16 levels left

rFire    . . .     SeeInvis .   a - +3 rapier of Rystah {venom, *Slow +Blink Int+3 Stlth+}
rCold    . . .     Gourm    .   J - +0 buckler
rNeg     . . .     Faith    .   (helmet restricted)
rPois    .         Spirit   .   (no amulet)
rElec    .         Reflect  .   h - ring of protection from magic
rCorr    .         Harm     .   u - +2 ring of strength
MR       +....                  s - ring of wizardry
Stlth    +++++.....             (no ring)
HPRegen  0.16/turn              (no ring)
MPRegen  0.14/turn              (no ring)
                                (no ring)
                                (no ring)

@: lethally poisoned (-2 -> -23)
A: almost no armour, stealthy swim, amphibious, 8 rings, constrict 8, reduced
essence, camouflage 1, gelatinous body 1
a: Recall Ancestor, Ancestor Identity, Renounce Religion, Evoke Blink


You were on level 8 of the Dungeon.
You worshipped Hepliaklqana.
Hepliaklqana was aware of your devotion.
You were not hungry.

You visited 2 branches of the dungeon, and saw 9 of its levels.

You collected 436 gold pieces.

Inventory:

Hand Weapons
 a - the +3 rapier of Rystah (weapon) {venom, *Slow +Blink Int+3 Stlth+}
   (You found it on level 4 of the Dungeon)

   It poisons the flesh of those it strikes.
   It affects your intelligence (+3).
   It lets you blink.
   It may slow you when you take damage.
   It makes you more stealthy.
 b - the +8 quarterstaff of Men Xili {crush, +Inv}
   (You found it on level 6 of the Dungeon)

   It inflicts extra damage upon your enemies.
   It lets you turn invisible.
 d - a +0 dagger
 r - a +0 short sword
Missiles
 m - 138 stones
 q - 9 tomahawks (quivered)
 E - 4 steel tomahawks
 N - 2 throwing nets
Armour
 J - a +0 buckler (worn)
Jewellery
 h - a ring of protection from magic (left tentacle)
 s - a ring of wizardry (on tentacle)
 u - a +2 ring of strength (right tentacle)
 D - the ring of the Imp {Ice Str+2}
   (You found it on level 5 of the Dungeon)

   [ring of ice]

   It enhances your ice magic.
   It affects your strength (+2).
   It makes you vulnerable to fire.
   It protects you from cold.
Wands
 A - a wand of acid (8)
 I - a wand of flame (19)
 K - a wand of iceblast (20)
 M - a wand of polymorph (8)
Scrolls
 c - 5 scrolls of teleportation
 f - 6 scrolls of remove curse
 g - 2 scrolls of fear {unknown}
 j - 2 scrolls of enchant weapon {unknown}
 l - a scroll of enchant armour {unknown}
 p - 3 scrolls of amnesia
 v - 3 scrolls of immolation {unknown}
 y - 4 scrolls of identify {unknown}
 B - a scroll of magic mapping {unknown}
 C - 3 scrolls of acquirement {unknown}
 F - a scroll of noise {unknown}
Potions
 e - 5 potions of haste {unknown}
 i - 2 potions of invisibility {unknown}
 k - 2 potions of heal wounds {unknown}
 n - a potion of might {unknown}
 o - 2 potions of resistance {unknown}
 t - 4 potions of curing {unknown}
 w - a potion of mutation {unknown}
 x - 2 potions of cancellation {unknown}
 z - a potion of brilliance {unknown}
 L - a potion of lignification {unknown}
Comestibles
 G - 9 rations


   Skills:
 + Level 1.7 Fighting
 + Level 4.1 Short Blades
 - Level 0.7 Staves
 - Level 0.5 Throwing
 - Level 2.0 Dodging
 + Level 6.2 Stealth
 * Level 3.7 Shields
 + Level 4.4 Spellcasting
 * Level 5.2 Conjurations
 * Level 5.5 Air Magic
 + Level 7.3 Poison Magic
 * Level 4.6 Evocations


You had one spell level left.
You knew the following spells:

 Your Spells              Type           Power        Failure   Level  Hunger
a - Sting                 Conj/Pois      ####         1%          1    None
b - Poisonous Vapours     Pois/Air       ####..       1%          2    #......
c - Mephitic Cloud        Conj/Pois/Air  ####....     1%          3    ###....
d - Olgreb's Toxic Radia  Pois           ####....     2%          4    ####...
e - Venom Bolt            Conj/Pois      ####......   11%         5    ######.

Your spell library contained the following spells:

 Spells                   Type           Power        Failure   Level  Hunger
 Infusion                 Chrm           #...         5%          1    None
 Shroud of Golubria       Chrm/Tloc      #.........   8%          2    #......
 Song of Slaying          Chrm           #.......     8%          2    #......
 Regeneration             Chrm/Necr      #.........   16%         3    ###....
 Spectral Weapon          Hex/Chrm       #.......     16%         3    ###....


Dungeon Overview and Level Annotations

Branches:
Dungeon (8/15)             Temple (1/1) D:7
   Lair: D:8-11

Altars:
Ashenzari
Cheibriados
Dithmenos
Elyvilon
Fedhas
Gozag
Hepliaklqana
Kikubaaqudgha
Makhleb
Nemelex Xobeh
Okawaru
Qazlal
Ru
Sif Muna
Trog
Uskayaw
Vehumet
Wu Jian
Xom
Yredelemnul
Zin
The Shining One

Annotations:
D:5 1 runed translucent door, p0werm0de's ghost, novice DsWn
D:8 Erica


Innate Abilities, Weirdness & Mutations

You cannot wear most types of armour.
You are very stealthy in the water. (Stealth+)
You are amphibious.
You can wear up to eight rings at the same time.
You can use your tentacles to constrict eight enemies at once.
Your skin changes colour to match your surroundings (Stealth+).
Your rubbery body absorbs attacks. (AC +1, EV +1)
Your life essence is reduced to manifest your ancestor. (-10% HP)


Message History

You feel sick.
Erica is engulfed in poison gas.
Erica looks as sick as possible!
Erica hits Yayatum with a +3 scimitar of flaming!
Erica burns Yayatum.
Yayatum hits Erica.
You feel sick.
Yayatum closely misses Erica.
Erica looks as sick as possible!
Your toxic aura wanes.
You feel sick.
Casting: Olgreb's Toxic Radiance (safe; 2% risk of failure)
Confirm with . or Enter, or press ? or * to list all spells.
Aiming: Poisonous Vapours (safe; 1% risk of failure)
Press: ? - help, Dir - move target cursor, f/p - Erica
Aim: Erica, wielding a +3 scimitar of flaming and wearing a +0 robe (heavily wounded, poisoned) Poisonous vapours surround Erica!
You feel sick.
Erica is engulfed in poison gas.
Erica looks as sick as possible!
Erica gestures at you while chanting. The bolt of poison hits you!!
You are more poisoned.
Ouch! That really hurt!
You die...

#...........)##...#......
#.....#####..............
#.....# #.....###.......
#.########..######.......
#.# ###..<####....####..
#.####..@R......#####....
#.##..........#..........
#....#..........###...###
#..###..@.....##.....##
#### #........#.......###
##.####...........#.
#.#....#...........
#.#R####..........# #...#
#.........## #..##
#.........# #..#
#.........# ####
#.........#


You could see the friendly Yayatum the ancestor and Erica.

Vanquished Creatures
  Harold (D:7)
  Pikel (D:7)
  2 ice beasts
  3 slaves (D:7)
  A phantom (D:6)
  A sky beast (D:7)
  3 ogres
  6 bullfrogs
  A water moccasin zombie (D:8)
  2 scorpions
  A wight (D:6)
  A howler monkey (D:6)
  3 electric eels (D:6)
  A crimson imp (D:5)
  3 bullfrog zombies
  A hound (D:4)
  4 orc priests
  An orc wizard (D:6)
  2 bullfrog skeletons
  A worker ant (D:5)
  A hound zombie (D:5)
  A hound skeleton (D:8)
  2 howler monkey zombies
  A worker ant zombie (D:7)
  10 adders
  An ooze (D:2)
  An adder zombie (D:5)
  An adder skeleton (D:7)
  A worm (D:2)
  5 dart slugs
  7 leopard geckos
  15 orcs
  4 giant cockroaches
  7 goblins
  6 hobgoblins
  7 jackals
  3 quokkas
  A ball python (D:6)
  9 bats
  10 frilled lizards
  6 kobolds
  3 leopard gecko skeletons
  A quokka skeleton (D:5)
  5 rats
147 creatures vanquished.

Vanquished Creatures (collateral kills)
  An orc warrior (D:8)
  A quokka skeleton (D:7)
2 creatures vanquished.

Vanquished Creatures (others)
  A hound (D:7)
  A worker ant (D:7)
  An ancestor (D:7)
  A leopard gecko (D:7)
  A plant (D:6)
5 creatures vanquished.

Grand Total: 154 creatures vanquished

Notes
Turn   | Place    | Note
-------+----------+-------------------------------------------
     0 | D:1      | Poobah the Octopode Venom Mage began the quest for the Orb.
     0 | D:1      | Reached XP level 1. HP: 11/11 MP: 3/3
   131 | D:1      | Reached skill level 4 in Poison Magic
   162 | D:1      | Reached XP level 2. HP: 17/17 MP: 1/5
   207 | D:1      | Learned a level 2 spell: Poisonous Vapours
   730 | D:1      | Reached XP level 3. HP: 21/21 MP: 2/6
  1265 | D:2      | Reached skill level 1 in Air Magic
  1856 | D:2      | Learned a level 3 spell: Mephitic Cloud
  1870 | D:2      | Reached XP level 4. HP: 27/27 MP: 0/7
  2901 | D:3      | Reached XP level 5. HP: 24/31 MP: 0/9
  3057 | D:3      | Reached skill level 5 in Poison Magic
  3633 | D:4      | Reached skill level 1 in Short Blades
  3904 | D:4      | Got a translucent rapier
  3905 | D:4      | Identified the cursed +3 rapier of Rystah {venom, *Slow
                  | +Blink Int+3 Stlth+} (You found it on level 4 of the
                  | Dungeon)
  3935 | D:4      | Reached XP level 6. HP: 34/36 MP: 4/10
  3988 | D:4      | Learned a level 4 spell: Olgreb's Toxic Radiance
  4359 | D:5      | Entered Level 5 of the Dungeon
  4380 | D:5      | Noticed p0werm0de's ghost (novice DsWn)
  4404 | D:5      | Reached skill level 1 in Evocations
  4617 | D:5      | Found a runed translucent door.
  4723 | D:5      | Reached XP level 7. HP: 34/42 MP: 12/12
  5167 | D:5      | Got a transparent lead ring
  5410 | D:6      | Got a pitted quarterstaff
  5538 | D:5      | Identified the +8 quarterstaff of Men Xili {crush, +Inv}
                  | (You found it on level 6 of the Dungeon)
  5803 | D:6      | Reached skill level 1 in Fighting
  6158 | D:6      | Reached XP level 8. HP: 39/48 MP: 13/13
  6642 | D:6      | Learned a level 5 spell: Venom Bolt
  6695 | D:6      | Identified the ring of the Imp {Ice Str+2} (You found it on
                  | level 5 of the Dungeon)
  6717 | D:6      | Reached skill level 6 in Poison Magic
  7107 | D:7      | Found a staircase to the Ecumenical Temple.
  7124 | Temple   | Entered the Ecumenical Temple
  7371 | Temple   | Became a worshipper of Hepliaklqana the Forgotten
  7432 | D:7      | Noticed Pikel
  7443 | D:7      | Killed Pikel
  7443 | D:7      | Reached skill level 1 in Shields
  7451 | D:7      | Reached XP level 9. HP: 47/47 MP: 2/15
  7882 | D:7      | Noticed Harold
  7901 | D:7      | Killed Harold
  7901 | D:7      | Reached skill level 5 in Stealth
  7901 | D:7      | Reached skill level 5 in Air Magic
  8083 | D:7      | Reached skill level 7 in Poison Magic
  8161 | D:7      | Found a glowing golden altar of the Shining One.
  8379 | D:8      | Reached skill level 5 in Conjurations
  8543 | D:8      | Reached * piety under Hepliaklqana
  8616 | D:8      | Noticed Erica
  8839 | D:8      | Killed from afar by Erica

Skill      XL: |  1  2  3  4  5  6  7  8  9 |
---------------+----------------------------+-----
Poison Magic   | 4 5 6 7 |  7.3
Air Magic      | 1 2 3 4 5 |  5.5
Conjurations   | 2 3 4 5 |  5.2
Spellcasting   | 3 4 |  4.4
Short Blades   | 1 2 3 4 |  4.1
Evocations     | 1 2 3 4 |  4.6
Fighting       | 1 |  1.7
Stealth        | 4 6 |  6.2
Shields        | 1 3 |  3.7
Staves         | |  0.7
Throwing       | |  0.5
Dodging        | |  2.0

Action                   |  1- 3 |  4- 6 |  7- 9 || total
-------------------------+-------+-------+-------++-------
Melee: Dagger            |    26 |     5 |       ||    31
       Tentacles         |     4 |    16 |    13 ||    33
       Constrict         |     5 |    24 |    18 ||    47
       Short sword       |       |    42 |       ||    42
       Rapier            |       |    29 |    70 ||    99
       Quarterstaff      |       |       |    13 ||    13
Throw: Tomahawk          |       |       |    26 ||    26
       Stone             |       |       |     1 ||     1
 Cast: Sting             |    10 |       |       ||    10
       Poisonous Vapours |    34 |    46 |    30 ||   110
       Olgreb's Toxic Ra |       |       |    11 ||    11
Invok: Recall Ancestor   |       |       |     1 ||     1
 Abil: Evoke Blink       |       |       |     1 ||     1
  Use: Scroll            |       |       |     3 ||     3
 Stab: Sleeping          |     1 |     8 |    14 ||    23
       Distracted        |     1 |       |       ||     1
  Eat: Chunk             |     5 |    11 |    10 ||    26
       Ration            |       |       |     2 ||     2
Armor: Skin              |     2 |     6 |     3 ||    11
Dodge: Dodged            |    19 |    60 |    43 ||   122
Block: Buckler           |       |       |     9 ||     9
